 Dungeon Crawl Stone Soup version 0.28-a0-1387-g3a22ab9bdc (webtiles) character file.

Game seed: 15158265176091420459

25540 rogsnak the Thaumaturge (level 12, -3/80 HPs)
             Began as a Demonspawn Air Elementalist on Jan 2, 2022.
             Was an Elder of Sif Muna.
             Slain by a two-headed ogre (18 damage)
             ... on level 2 of the Orcish Mines.
             The game lasted 00:57:38 (19484 turns).

rogsnak the Thaumaturge (DsAE)                     Turns: 19484, Time: 00:57:38

Health: -3/80      AC: 17    Str:  9    XL:     12   Next: 90%
Magic:  37/37      EV: 12    Int: 26    God:    Sif Muna [****..]
Gold:   1032       SH:  0    Dex: 17    Spells: 21/36 levels left

rFire   + . .      SeeInvis .   X - +3 dagger (venom)
rCold   + . .      Faith    .   (no shield)
rNeg    . . .      Spirit   .   x - +5 ring mail of Ghostly Surprise {rElec Int+6 Dex+2}
rPois   .          Reflect  .   (helmet restricted)
rElec   +          Harm     .   E - scarf {rC+ rF+}
rCorr   .          Rampage  .   (no gloves)
Will    .....                   (no boots)
Stlth   +.........              (no amulet)
HPRegen 0.23/turn               t - ring of magical power
MPRegen 0.25/turn               r - +4 ring of protection

@: no status effects
A: horns 2, thin metallic scales 2, powered by pain 2
a: Renounce Religion, Channel Magic, Forget Spell, Divine Exegesis


You were on level 2 of the Orcish Mines.
You worshipped Sif Muna.
Sif Muna was greatly pleased with you.
You visited 3 branches of the dungeon, and saw 17 of its levels.

You collected 1032 gold pieces.

Inventory:

Hand Weapons
 F - a +4 short sword of electrocution
 X - a +3 dagger of venom (weapon)
Missiles
 g - 4 atropa-tipped darts
 z - 96 poisoned darts
 S - 2 curare-tipped darts
Armour
 a - a +0 buckler
 j - a +1 leather armour of poison resistance
 w - a +1 robe of the Archmagi
 x - the +5 ring mail of Ghostly Surprise (worn) {rElec Int+6 Dex+2}
   (You found it on level 6 of the Dungeon)

   Int:       It affects your intelligence (+6).
   Dex:       It affects your dexterity (+2).
   rElec:     It insulates you from electricity.
 D - a +0 troll leather armour
 E - a scarf of resistance (worn)
Magical Staves
 k - a staff of fire
Jewellery
 i - a ring of willpower
 m - the ring "Niazo" {Ice rElec rPois rN+ Stlth+}
   (You found it on level 2 of the Dungeon)

   [ring of ice]

   It enhances your ice magic.
   rF:        It makes you vulnerable to fire.
   rC:        It protects you from cold.
   rElec:     It insulates you from electricity.
   rPois:     It protects you from poison.
   rN:        It protects you from negative energy.
   Stlth:     It makes you more stealthy.
 r - a +4 ring of protection (right hand)
 t - a ring of magical power (left hand)
 A - a ring of positive energy
 H - a ring of protection from cold
 O - a ring of flight
Wands
 C - a wand of flame (20)
 J - a wand of iceblast (8)
 M - a wand of mindburst (22)
 U - a wand of polymorph (5)
 V - a wand of paralysis (3)
 Z - a wand of acid (1)
Scrolls
 b - 2 scrolls of holy word {unknown}
 d - 3 scrolls of blinking
 e - 6 scrolls of teleportation
 l - 3 scrolls of silence {unknown}
 o - a scroll of enchant armour
 p - a scroll of magic mapping
 q - 2 scrolls of noise {unknown}
 v - 3 scrolls of amnesia {unknown}
 y - 3 scrolls of brand weapon
 G - 2 scrolls of summoning {unknown}
 N - 2 scrolls of enchant weapon {unknown}
 Q - a scroll of fear
 R - 2 scrolls of torment {unknown}
 T - 2 scrolls of identify
 W - 3 scrolls of fog {unknown}
 Y - a scroll of immolation
Potions
 c - a potion of cancellation
 f - 7 potions of curing
 h - 6 potions of heal wounds {unknown}
 s - 2 potions of flight {unknown}
 u - 4 potions of lignification {unknown}
 B - 3 potions of haste {unknown}
 I - a potion of magic {unknown}
 K - 3 potions of brilliance {unknown}
 P - 3 potions of mutation {unknown}
Miscellaneous
 L - a phantom mirror


   Skills:
 + Level 2.5 Fighting
 + Level 1.7 Armour
 + Level 4.3 Dodging
 - Level 2.0 Stealth
 + Level 12.6 Spellcasting
 * Level 11.4 Conjurations
 - Level 2.0 Fire Magic
 + Level 11.2 Air Magic
 - Level 0.4 Poison Magic


You had 21 spell levels left.
You knew the following spells:

 Your Spells              Type           Power      Damage    Failure   Level
a - Shock                 Conj/Air       100%       1d9       1%          1
b - Swiftness             Air            65%        N/A       1%          3
c - Airstrike             Air            32%        N/A       1%          4
d - Mephitic Cloud        Conj/Pois/Air  54%        N/A       1%          3
e - Sticky Flame          Conj/Fire      50%        2d7       6%          4

Your spell library contained the following spells:

 Spells                   Type           Power      Damage    Failure   Level
 Magic Dart               Conj           100%       1d8       1%          1
 Static Discharge         Conj/Air       66%        N/A       1%          2
 Summon Small Mammal      Summ           64%        N/A       10%         1
 Blink                    Tloc           32%        N/A       14%         2
 Call Imp                 Summ           16%        N/A       14%         2
 Passwall                 Tmut/Erth      13%        N/A       14%         2
 Call Canine Familiar     Summ           16%        N/A       28%         3
 Lesser Beckoning         Tloc           16%        N/A       28%         3
 Summon Guardian Golem    Hex/Summ       16%        N/A       28%         3
 Orb of Destruction       Conj           33%        9d12      58%         7
 Dispel Undead            Necr           16%        3d10      67%         4
 Manifold Assault         Tloc           16%        N/A       95%         5
 Spellforged Servitor     Conj/Summ      23%        N/A       100%        7


Dungeon Overview and Level Annotations

Branches:
Dungeon (14/15)            Temple (1/1) D:4            Lair (0/6) D:10
    Orc (2/2) D:10
    Elf: Orc:2       Vaults: D:13-14

Altars:
Ashenzari
Cheibriados
Elyvilon
Gozag
Hepliaklqana
Makhleb
Nemelex Xobeh
Okawaru
Ru
Sif Muna
Trog
Uskayaw
Vehumet
Wu Jian
Xom
Zin
The Shining One
Beogh

Shops:
D:5 (

Annotations:
D:12 Zewas's ghost, journeyman HuFi


Innate Abilities, Weirdness & Mutations

You have a pair of horns on your head.
You are mostly covered in thin metallic scales. (AC +3)
You sometimes gain power by taking damage.


Message History

You focus on the pain.
You feel your power returning.
Unknown command.
You are confused.
You feel invigorated.
The two-headed ogre is engulfed in noxious fumes.
The two-headed ogre appears confused.
Unknown command.
You bump into the rock wall.
The two-headed ogre hits you with a +0 giant spiked club. x2
Unknown command.
You are engulfed in noxious fumes.
The two-headed ogre ponders the situation.
The two-headed ogre closely misses you. The two-headed ogre misses you.
Unknown command.
You are engulfed in noxious fumes.
You choke on the stench!
You are more confused.
Things that are here:
a +0 short sword; a +0 chain mail; 25 gold pieces Unknown command.
Unknown command.
The two-headed ogre seems less confused.
The two-headed ogre closely misses you.
The two-headed ogre hits you with a +0 giant spiked club!
Unknown command.
You bump into the rock wall.
You feel less invigorated.
The two-headed ogre hits you with a +0 giant spiked club!
* * * LOW HITPOINT WARNING * * *
The two-headed ogre hits you with a +0 giant spiked club.
* * * LOW HITPOINT WARNING * * *
Unknown command.
You hit the two-headed ogre but do no damage.
The two-headed ogre looks even sicker.
You headbutt the two-headed ogre.
The two-headed ogre is moderately wounded.
The two-headed ogre hits you with a +0 giant spiked club!
* * * LOW HITPOINT WARNING * * *
The two-headed ogre closely misses you.
You feel better. The two-headed ogre misses you.
The two-headed ogre hits you with a +0 giant spiked club!!
You die...

### .... ######.##
#... ##.#.#)..#
.#.... ##.....@O##
..#...##.#)).....#
......#..)..)...##
.........)))..).#
.........†..##.$#
..#.....#...#.).#
.#.....)##.#T..##
........##..$#..#
#^#.##..# .......


You could see a two-headed ogre (very poisoned) and a troll (wandering).

Vanquished Creatures
  2 boulder beetles (D:12)
  A centaur warrior (D:13)
  7 two-headed ogres
  A death knight (D:13)
  An orc high priest (Orc:2)
  A skeletal warrior (D:10)
  A phantasmal warrior (D:13)
  3 cyclopes
  A wolf spider (D:10)
  An ugly thing (D:12)
  A manticore (D:14)
  3 gargoyles (D:12)
  Joseph (D:7)
  A freezing wraith (D:13)
  2 unseen horrors (D:13)
  3 kobold demonologists
  A komodo dragon (D:10)
  4 trolls
  Grinder (D:5)
  3 hornets
  3 wraiths
  A shadow (D:13)
  A wyvern (D:8)
  2 vampires
  14 yaks
  4 vampire mosquitoes (D:11)
  2 steam dragons (D:8)
  2 wargs
  2 acid dragons
  Duvessa (D:4)
  2 water moccasins
  A hornet zombie (D:6)
  15 orc warriors
  2 ice beasts
  A sky beast (D:7)
  A black bear (D:7)
  4 ogres (Orc:2)
  7 centaurs
  A phantom (D:6)
  7 kobold brigands
  A scorpion (D:7)
  2 bullfrogs (D:6)
  A water moccasin skeleton (D:7)
  Dowan (D:4)
  6 killer bees
  4 wights (D:5)
  3 howler monkeys
  5 centaur zombies
  2 bullfrog skeletons
  11 orc priests
  A hound (D:4)
  Crazy Yiuf (D:4)
  A gnoll shaman (D:7)
  4 centaur skeletons
  3 iguanas
  12 orc wizards
  A killer bee zombie (D:7)
  A hound skeleton (D:5)
  A howler monkey zombie (D:11)
  7 gnolls
  9 adders
  2 white imps (D:6)
  4 worms
  4 dart slugs
  46 orcs
  8 bats
  5 endoplasms
  4 giant cockroaches
  10 goblins
  6 hobgoblins
  3 jackals (D:4)
  A quokka (D:4)
  5 ball pythons
  7 frilled lizards
  24 kobolds
  6 rats
324 creatures vanquished.

Vanquished Creatures (others)
  2 demonic plants (D:1)
2 creatures vanquished.

Grand Total: 326 creatures vanquished

Notes
Turn   | Place    | Note
-------+----------+-------------------------------------------
     0 | D:1      | rogsnak the Demonspawn Air Elementalist began the quest for
                  | the Orb.
     0 | D:1      | Reached XP level 1. HP: 13/13 MP: 3/3
   438 | D:1      | Gained mutation: You have a pair of small horns on your
                  | head. [demonic ancestry]
   438 | D:1      | Reached XP level 2. HP: 19/19 MP: 3/5
   552 | D:1      | Found a faded altar of an unknown god.
  1388 | D:2      | Reached XP level 3. HP: 19/24 MP: 0/6
  1574 | D:2      | Identified the ring "Niazo" {Ice rElec rPois rN+ Stlth+}
  2083 | D:2      | Reached XP level 4. HP: 30/30 MP: 0/7
  2956 | D:3      | Reached XP level 5. HP: 35/35 MP: 9/9
  3230 | D:3      | You fall into a shaft and drop 3 floors!
  3230 | D:6      | Found an iron altar of Okawaru.
  3256 | D:6      | Reached skill level 3 in Spellcasting
  3382 | D:6      | Learned a level 3 spell: Swiftness
  3387 | D:6      | Learned a level 4 spell: Airstrike
  3399 | D:6      | Found a snail-covered altar of Cheibriados.
  3412 | D:6      | Gained mutation: You sometimes gain a little power by
                  | taking damage. [demonic ancestry]
  3412 | D:6      | Reached XP level 6. HP: 37/42 MP: 10/10
  3457 | D:6      | Identified the +5 ring mail of Ghostly Surprise {rElec
                  | Int+6 Dex+2}
  3503 | D:5      | Entered Level 5 of the Dungeon
  4043 | D:5      | Noticed an orc warrior
  4569 | D:4      | Noticed Duvessa
  4569 | D:4      | Noticed Dowan
  4577 | D:4      | Killed Duvessa
  4578 | D:4      | Gained mutation: You are partially covered in thin metallic
                  | scales. (AC +2) [demonic ancestry]
  4578 | D:4      | Reached XP level 7. HP: 47/47 MP: 8/12
  4759 | D:4      | Killed Dowan
  4760 | D:4      | Reached skill level 4 in Spellcasting
  4837 | D:4      | Learned a level 3 spell: Mephitic Cloud
  5005 | D:4      | Found a runed translucent door.
  5006 | D:4      | Noticed Crazy Yiuf
  5024 | D:4      | Killed Crazy Yiuf
  5308 | D:4      | Found a staircase to the Ecumenical Temple.
  5317 | Temple   | Entered the Ecumenical Temple
  5436 | Temple   | Became a worshipper of Sif Muna the Loreminder
  5503 | D:4      | Found a shimmering altar of Xom.
  5513 | D:4      | Reached skill level 5 in Conjurations
  5954 | D:5      | Found Giatzoaz's Weapon Shoppe.
  6089 | D:5      | Reached skill level 5 in Spellcasting
  6089 | D:5      | Reached skill level 5 in Air Magic
  6282 | D:5      | Gained mutation: You have a pair of horns on your head.
                  | [demonic ancestry]
  6282 | D:5      | Reached XP level 8. HP: 53/53 MP: 15/15
  6305 | D:5      | Noticed Grinder
  6490 | D:5      | Killed Grinder
  6491 | D:5      | Reached skill level 6 in Spellcasting
  6771 | D:6      | Found a hazy altar of Hepliaklqana.
  7196 | D:6      | Identified the +3 leather armour of the Cuttlefish {Str+3
                  | Int+3}
  7403 | D:6      | Found an ornate altar of the Wu Jian Council.
  7542 | D:7      | Noticed Joseph
  7680 | D:7      | Reached * piety under Sif Muna
  7703 | D:7      | Gained mutation: You sometimes gain power by taking damage.
                  | [demonic ancestry]
  7703 | D:7      | Reached XP level 9. HP: 57/58 MP: 19/19
  7743 | D:7      | Killed Joseph
  7744 | D:7      | Reached skill level 1 in Fighting
  7744 | D:7      | Reached skill level 7 in Spellcasting
  8322 | D:7      | Learned a level 4 spell: Sticky Flame
  9025 | D:8      | Noticed a two-headed ogre
  9040 | D:8      | Upgraded the game from 0.28-a0-1382-g92835e5c71 to
                  | 0.28-a0-1387-g3a22ab9bdc
  9055 | D:8      | Killed a two-headed ogre
  9056 | D:8      | Reached skill level 8 in Spellcasting
  9194 | D:8      | Reached XP level 10. HP: 51/65 MP: 22/22
  9516 | D:8      | Found a sparkling altar of Nemelex Xobeh.
  9516 | D:8      | Found an opulent altar of Gozag.
 10565 | D:10     | Entered Level 10 of the Dungeon
 10589 | D:10     | Found a staircase to the Lair.
 10616 | D:10     | Reached skill level 1 in Fire Magic
 10655 | D:10     | Reached skill level 9 in Spellcasting
 10659 | D:10     | Reached ** piety under Sif Muna
 11442 | D:10     | Noticed a wolf spider
 11450 | D:10     | Killed a wolf spider
 11451 | D:10     | Gained mutation: You are mostly covered in thin metallic
                  | scales. (AC +3) [demonic ancestry]
 11451 | D:10     | Reached XP level 11. HP: 65/72 MP: 12/24
 11614 | D:10     | Noticed a skeletal warrior
 11929 | D:10     | Found a staircase to the Orcish Mines.
 12027 | D:10     | Noticed a two-headed ogre
 12290 | D:10     | Found a bloodstained altar of Trog.
 12505 | D:10     | Paralysed by a hornet for 1 turns
 13240 | D:11     | Noticed a two-headed ogre
 13247 | D:11     | Killed a two-headed ogre
 13387 | D:11     | Reached skill level 10 in Spellcasting
 14264 | D:12     | Noticed a boulder beetle
 14276 | D:12     | Killed a boulder beetle
 14402 | D:12     | Reached *** piety under Sif Muna
 14797 | D:12     | Noticed a two-headed ogre
 14804 | D:12     | Killed a two-headed ogre
 14924 | D:12     | Reached skill level 10 in Conjurations
 15061 | D:12     | Reached skill level 11 in Spellcasting
 15128 | D:12     | Noticed a cyan ugly thing
 15136 | D:12     | Killed a cyan ugly thing
 15431 | D:12     | Found a runed translucent gate.
 15431 | D:12     | Noticed Zewas's ghost (journeyman HuFi)
 15432 | D:12     | Found a runed translucent gate.
 15432 | D:12     | Identified the +9 plate armour "Kympeczi" {rElec Str+3}
 15433 | D:12     | Found a runed translucent gate.
 15455 | D:12     | Reached skill level 10 in Air Magic
 15489 | D:12     | Noticed a boulder beetle
 15503 | D:12     | Killed a boulder beetle
 15523 | D:12     | Reached XP level 12. HP: 63/79 MP: 12/27
 16173 | D:12     | Found a burning altar of Makhleb.
 16175 | D:12     | Noticed a green death
 16987 | D:13     | Noticed a centaur warrior
 16995 | D:13     | Killed a centaur warrior
 17084 | D:13     | Noticed a two-headed ogre
 17094 | D:13     | Killed a two-headed ogre
 17202 | D:13     | Noticed a two-headed ogre
 17209 | D:13     | Killed a two-headed ogre
 17694 | D:13     | Noticed a death knight
 18075 | D:13     | Reached skill level 12 in Spellcasting
 18419 | D:13     | Killed a death knight
 18629 | D:14     | Reached skill level 1 in Armour
 18715 | D:10     | Killed a two-headed ogre
 19052 | Orc:1    | Entered Level 1 of the Orcish Mines
 19222 | Orc:2    | Entered Level 2 of the Orcish Mines
 19222 | Orc:2    | Noticed a two-headed ogre
 19222 | Orc:2    | Noticed an ogre mage
 19223 | Orc:2    | Noticed a two-headed ogre
 19225 | Orc:2    | Noticed a two-headed ogre
 19227 | Orc:2    | Noticed a two-headed ogre
 19228 | Orc:2    | Noticed an ogre mage
 19228 | Orc:2    | Noticed a two-headed ogre
 19228 | Orc:2    | Noticed a two-headed ogre
 19230 | Orc:2    | Noticed a two-headed ogre
 19230 | Orc:2    | Killed a two-headed ogre
 19230 | Orc:2    | Noticed an ogre mage
 19230 | Orc:2    | Noticed a two-headed ogre
 19231 | Orc:2    | Noticed a two-headed ogre
 19361 | Orc:2    | Noticed an orc high priest
 19374 | Orc:2    | Killed an orc high priest
 19376 | Orc:2    | Reached **** piety under Sif Muna
 19484 | Orc:2    | Slain by a two-headed ogre

Illustrated notes

Levels and vault maps discovered:
D:1:      lemuel_arrival_behind_the_door_large, layout_basic,
          dreamdust_ecumenical_altar_sealed_demon, minmay_misc_feat_enclosed
D:2:      layout_loops_cross, minmay_circle_x
D:3:      layout_loops_ring, hangedman_decor_clover_reticule,
          chequers_serial_rivers_small_3
D:4:      layout_rooms, mainiacjoe_overflow_surrounded_room,
          minmay_temple_entry_hall, uniq_crazy_yiuf_cottage, uniq_duvessa
D:5:      layout_cave_pods, serial_shops, nicolae_shop_advertising_works
          [nicolae_subvault_shop_adworks], serial_rivers,
          chequers_serial_rivers_small_b, chequers_serial_rivers_micro_a,
          chequers_serial_rivers_small_a, chequers_serial_rivers_room_b,
          chequers_serial_rivers_room_b, chequers_serial_rivers_micro_d,
          uniq_grinder
D:6:      layout_loops_cross, okawaru_gym_becter,
          nicolae_hepliaklqana_hippocampus, mainiacjoe_overflow_small_starburst,
          amethyst_overflow_temple_binary
D:7:      layout_cave_pools, uniq_joseph
D:8:      layout_basic, grunt_temple_overflow_opulence, kennysheep_mini_moat
D:9:      layout_irregular_city, chequers_serial_rivers_micro_b,
          glass_columns_a, minivault_1, lemuel_old_faithful
D:10:     hangedman_cross_stitches, layout_basic,
          mainiacjoe_overflow_six_doors_small, lair_entry_dummy, david_orc_4,
          minmay_diced_spiral
D:11:     layout_stronghold, library_closet
D:12:     layout_stronghold, biasface_ghost_orc_armoury,
          makhleb_altar_promises_db
D:13:     layout_gridville
D:14:     layout_irregular_city, erik_vaults_1, minmay_misc_feat_hallway,
          serial_shops, shop, shop, serial_column_ruins,
          column_ruins_corridor_corner, column_ruins_grid_1,
          column_ruins_columns_T, column_ruins_corridor_corner, fountainhead,
          uniq_azrael
Temple:   minmay_temple_forest_path
Orc:1:    layout_diamond_mine, serial_shops, shop
Orc:2:    st_orc_ogre_mass, layout_caves, basic_altar

Skill      XL: |  1  2  3  4  5  6  7  8  9 10 11 12 |
---------------+-------------------------------------+-----
Air Magic      | 3 4 5 6 7 8 10 11 | 11.2
Stealth        | 2 |  2.0
Dodging        | 2 3 4 |  4.3
Conjurations   | 2 3 4 5 6 7 9 10 11 | 11.4
Spellcasting   | 3 5 6 8 9 11 12 | 12.6
Fighting       | 1 2 |  2.5
Fire Magic     | 1 2 |  2.0
Armour         | 1 |  1.7
Poison Magic   | |  0.4

Action                   |  1- 3 |  4- 6 |  7- 9 | 10-12 || total
-------------------------+-------+-------+-------+-------++-------
Melee: Unarmed           |    10 |       |       |       ||    10
       Dagger            |    12 |       |       |   125 ||   137
       Headbutt          |     2 |     2 |     9 |    37 ||    50
       Short sword       |     1 |       |    44 |    87 ||   132
       Spear             |     4 |     6 |     1 |       ||    11
       Staff             |       |    10 |       |       ||    10
 Cast: Shock             |    66 |   131 |   139 |   134 ||   470
       Airstrike         |       |     3 |    41 |   142 ||   186
       Mephitic Cloud    |       |       |    12 |    48 ||    60
       Swiftness         |       |       |     1 |       ||     1
       Sticky Flame      |       |       |     3 |    78 ||    81
Evoke: Wand              |       |       |       |     1 ||     1
  Use: Scroll            |       |       |       |    11 ||    11
       Potion            |       |       |       |     2 ||     2
 Stab: Confused          |       |       |     2 |    15 ||    17
       Sleeping          |       |       |       |     2 ||     2
Armor: Robe              |     6 |    16 |    27 |    58 ||   107
       Ring mail         |       |       |       |    45 ||    45
Dodge: Dodged            |    30 |    20 |    69 |   202 ||   321

Table legend: (Time is in decaauts)
 A = Elapsed time spent in this place.
 B = Non-inter-level travel time spent in this place.
 C = Inter-level travel time spent in this place.
 D = Time resting spent in this place.
 E = Time spent auto-exploring this place.
 F = Levels seen in this place.
 G = Mean time per level.
                   A        B        C        D        E       F      G
               +--------+--------+--------+--------+--------+-----+--------+
         Total |  19537 |  19034 |    503 |   5629 |   8124 |  17 | 1149.2 |
       Dungeon |  18932 |  18463 |    469 |   5408 |   7972 |  14 | 1352.3 |
        Temple |    173 |    140 |     33 |      0 |    106 |   1 |  173.0 |
  Orcish Mines |    431 |    431 |      0 |    221 |     46 |   2 |  215.5 |
               +--------+--------+--------+--------+--------+-----+--------+

Top non-repeatable levels by time:
    D:12: 2781 daAuts
    D:10: 1979 daAuts
     D:5: 1763 daAuts
     D:9: 1753 daAuts
    D:13: 1546 daAuts
     D:3: 1361 daAuts
     D:6: 1333 daAuts
    D:11: 1328 daAuts
     D:2: 1171 daAuts
     D:8: 1082 daAuts
     D:1: 1072 daAuts
     D:4: 883 daAuts
     D:7: 863 daAuts
   Orc:1: 261 daAuts
  Temple: 173 daAuts
